 Dungeon Crawl Stone Soup version 0.30.1-9-gdf580d7c3d (webtiles) character file.

Game seed: 6123768163593406859

170 KittyFluff the Chopper (level 5, -7/70 HPs)
             Began as a Minotaur Berserker on Oct 14, 2023.
             Was a Believer of Trog.
             Mangled by Maggie
             ... wielding a +1 halberd of pain
              (9 damage)
             ... on level 6 of the Dungeon.
             The game lasted 00:10:21 (2211 turns).

KittyFluff the Chopper (Minotaur Berserker)         Turns: 2211, Time: 00:10:22

Health: -7/70      AC:  2    Str: 24    XL:     5   Next: 26%
Magic:  4/4        EV: 12    Int:  4    God:    Trog [**....]
Gold:   170        SH:  0    Dex:  9    Spells: 4/4 levels left

rFire   . . .        a - +0 hand axe
rCold   . . .        (no shield)
rNeg    . . .        b - +0 animal skin
rPois   .            (helmet restricted)
rElec   .            (no cloak)
rCorr   .            (no gloves)
SInv    .            (no boots)
Will    .....        (no amulet) Stlth
                     c - ring of flight
HPRegen 0.31/turn    (no ring)
MPRegen 0.09/turn

%: no passive effects
@: berserking (expiring), flying, very quick
A: horns 2, retaliatory headbutt
a: Renounce Religion, Berserk, Trog's Hand


You were on level 6 of the Dungeon.
You worshipped Trog.
Trog was pleased with you.
You visited 1 branch of the dungeon, and saw 5 of its levels.

You collected 170 gold pieces.

Inventory:

Hand Weapons
 a - a +0 hand axe (weapon)
 p - a +0 war axe
 r - the +8 battleaxe of the Endless Expanse {flame, rElec rN+ Str+3 Stlth-}
   (You found it on level 2 of the Dungeon)

   Str:       It affects your strength (+3).
   rElec:     It insulates you from electricity.
   rN:        It protects you from negative energy.
   Stlth:     It makes you less stealthy.
Missiles
 q - 2 curare-tipped darts (quivered)
 t - 6 poisoned darts
Armour
 b - a +0 animal skin (worn)
Jewellery
 c - a ring of flight (left hand)
Scrolls
 e - 2 scrolls of fear {unknown}
 f - a scroll of noise {unknown}
 g - a scroll of immolation {unknown}
 l - a scroll of vulnerability {unknown}
 m - a scroll of butterflies {unknown}
 o - a scroll of poison {unknown}
 s - 3 scrolls of teleportation {unknown}
 u - 2 scrolls of enchant weapon {unknown}
 v - a scroll of torment {unknown}
 w - a scroll of fog {unknown}
 x - 2 scrolls of blinking {unknown}
 y - a scroll of identify
Potions
 d - 3 potions of invisibility
 h - a potion of haste {unknown}
 i - a potion of ambrosia
 j - 2 potions of curing
 k - 2 potions of attraction {unknown}
 n - 2 potions of berserk rage {unknown}
 z - a potion of lignification {unknown}


   Skills:
 + Level 4.4 Fighting
 * Level 5.0 Axes
 * Level 4.3 Armour
 + Level 3.1 Dodging


You had 4 spell levels left.
You didn't know any spells.
Your spell library was empty.

Dungeon Overview and Level Annotations

Branches:
Dungeon (4/15)             Temple (0/1) D:4

Altars:
Hepliaklqana
Okawaru

Shops:
D:2 [

Annotations:
D:6 Maggie


Innate Abilities, Weirdness & Mutations

You have a pair of horns on your head.
You reflexively headbutt those who attack you in melee.


Message History

The white imp closely misses you. You furiously retaliate!
You headbutt the white imp, but do no damage.
You closely miss the white imp. Your headbutt misses the white imp.
The white imp barely misses you.
You slash the white imp!
The white imp is severely wounded.
The white imp shouts, "Quit, thou surly pigeon-egg cloven-toed!"
The white imp gestures at you. The puff of frost hits you!
You slash the white imp!
You kill the white imp!
Trog accepts your kill.
An adder comes into view.
Maggie hits you from afar with a +1 halberd of pain!!
The adder moves out of view.
A red film seems to cover your vision as you go berserk!
You feel yourself moving faster!
You feel mighty!
Maggie points at you and mumbles some strange words.
The bolt of fire hits you!
* * * LOW HITPOINT WARNING * * *
You hear an angry hiss.
You feel a strong urge to attack something.
You slash Maggie! You headbutt Maggie!
Maggie is moderately wounded.
Maggie mumbles some strange words.
You barely miss Maggie.
Maggie is moderately wounded.
Maggie hits you with a +1 halberd of pain!
* * * LOW HITPOINT WARNING * * *
You writhe in agony.
* * * LOW HITPOINT WARNING * * *
You slash Maggie! Your headbutt misses Maggie.
Maggie is heavily wounded.
You barely miss Maggie.
Maggie is heavily wounded.
Maggie casts a spell.
You hit Maggie. Your headbutt misses Maggie.
Maggie is heavily wounded.
Maggie hits you with a +1 halberd of pain!
You die...

...............
#######.#.####.
####.#.# #....#.#
#.####.# ###.##
#.# #....# #.# ##
#.#.####.#####...#
#.###......@@S.#
#.# #.########...#
#.###.# ## #.....#
#######


You could see Maggie and an adder.

Vanquished Creatures
  A hound (D:4)
  5 adders
  A white imp (D:6)
  2 worms
  2 dart slugs
  3 orcs (D:6)
  5 bats
  14 endoplasms
  3 giant cockroaches
  7 goblins
  4 hobgoblins
  2 jackals (D:1)
  3 kobolds
  3 quokkas (D:1)
  9 ball pythons
  4 frilled lizards
  A rat (D:3)
69 creatures vanquished.

Notes
Turn   | Place    | Note
-------+----------+-------------------------------------------
     0 | D:1      | KittyFluff the Minotaur Berserker began the quest for the
                  | Orb.
     0 | D:1      | Reached XP level 1. HP: 19/19 MP: 0/0
   121 | D:1      | Reached XP level 2. HP: 18/27 MP: 1/1
   187 | D:1      | Reached skill level 4 in Axes
   397 | D:1      | Reached XP level 3. HP: 25/33 MP: 2/2
   424 | D:1      | Found a faded altar of an unknown god.
   699 | D:2      | Reached ** piety under Trog
   867 | D:2      | Reached XP level 4. HP: 30/40 MP: 3/3
   997 | D:2      | Identified the +8 battleaxe of the Endless Expanse {flame,
                  | rElec rN+ Str+3 Stlth-}
  1108 | D:2      | Found Citoel's Antique Armour Shop.
  1273 | D:3      | Found a hazy altar of Hepliaklqana.
  1830 | D:4      | Found a staircase to the Ecumenical Temple.
  1861 | D:4      | Reached XP level 5. HP: 31/47 MP: 4/4
  2104 | D:4      | Reached skill level 5 in Axes
  2126 | D:4      | Found an iron altar of Okawaru.
  2146 | D:4      | You are sucked into a shaft and drop 2 floors!
  2200 | D:6      | Noticed Maggie
  2208 | D:6      | HP: 3/70 [Maggie/+1 halberd of pain (9)]
  2211 | D:6      | Mangled by Maggie

Illustrated notes

Levels and vault maps discovered:
D:1:      dpeg_arrival_radiant, layout_basic,
          hellmonk_ecumenical_altar_arch_garden
D:2:      layout_rooms, serial_shops, nicolae_lakefront_shop
D:3:      layout_rooms, mainiacjoe_overflow_alcove_1, minmay_misc_feat_roman,
          dk_noncrumbling_2, serial_bayou_ford_a
D:4:      layout_loops_corners, lemuel_tele_altar, mainiacjoe_overflow_chevrons,
          minmay_temple_entry_enclosed_plants
D:6:      layout_loops_ring, minitemple, led_sif_book, lemuel_doored_altar,
          uniq_prince_ribbit1, uniq_maggie

Skill      XL: |  1  2  3  4  5 |
---------------+----------------+-----
Axes           | 4 5 |  5.0
Armour         | 3 4 |  4.3
Fighting       | 4 |  4.4
Dodging        | 3 |  3.1

Action                     |  1- 3 |  4- 6 || total
---------------------------+-------+-------++-------
  Melee: Hand axe          |    74 |    72 ||   146
         Headbutt          |    12 |    11 ||    23
         Punch             |     1 |     1 ||     2
 Invoke: Berserk           |       |     1 ||     1
    Use: Scroll            |       |     4 ||     4
 Armour: Animal skin       |     9 |     8 ||    17
  Dodge: Dodged            |    45 |    37 ||    82
